AoeStats
← 宫水三叶

Arabia

507086791Analyzed
4v4 RM · 17d ago on Sep 16, 2026· 51m 45s· 8 players
Game mode
Random Map
Map size
Large (8 player)
Population
200
Speed
Normal
Resources
Standard
Victory
Conquest
Starting age
Dark Age
Ending age
Imperial Age
RankedLock teamsTeams togetherTeam positionsShared explorationLock speedFull tech treeHidden civsTurbo modeCheats
Victory
Defeat
🇨🇳 Malay · China
1021
+12
🇹🇷 Goths · Türkiye
1008
+12
🇹🇷 Bulgarians · Türkiye
913
+16
🇨🇳 Italians · China
762
+23
🇨🇳 Khmer · China
953
-17
🇭🇰 Mongols · Hong Kong SAR China
924
-16
🇹🇼 Persians · Taiwan
913
-15
🇺🇸 Khmer · United States
901
-15
John Rambo
2:52 Loom
12:14 Feudal Age
13:56 Double-Bit Axe
15:16 Horse Collar
23:01 Castle Age
21:02 Gold Mining
22:05 Fletching
22:17 Padded Archer Armor
25:59 Bodkin Arrow
26:16 Forging
26:11 Scale Barding Armor
27:36 Iron Casting
26:34 Pikeman
30:23 Chain Barding Armor
30:06 Scale Mail Armor
31:11 Bodkin Arrow
31:32 Leather Archer Armor
35:25 Heavy Plow
39:24 Imperial Age
37:58 Ballistics
37:34 Murder Holes
39:23 Fortified Wall
40:09 Bracer
40:15 Squires
44:06 Blast Furnace
GUANJIANXIANSHENG
10:35 Feudal Age
18:59 Castle Age
18:10 Gold Mining
19:15 Forging
19:10 Scale Barding Armor
19:00 Double-Bit Axe
19:00 Horse Collar
19:56 Husbandry
19:34 Crossbowman
23:42 Stone Mining
29:41 Imperial Age
28:39 Gold Shaft Mining
28:42 Stone Shaft Mining
29:39 Wheelbarrow
32:37 Hand Cart
35:28 Iron Casting
35:14 Chain Barding Armor
36:48 Cavalier
marwenskio
7:26 Loom
12:22 Feudal Age
17:40 Castle Age
15:47 Double-Bit Axe
17:27 Horse Collar
18:22 Bloodlines
21:29 Wheelbarrow
25:22 Hand Cart
25:35 Bow Saw
26:31 Town Watch
27:20 Heavy Plow
30:20 Gold Mining
30:20 Stone Mining
31:40 Gold Shaft Mining
30:56 Stone Mining
31:42 Scale Barding Armor
32:55 Town Patrol
33:21 Masonry
37:17 Stone Shaft Mining
38:44 Light Cavalry
40:17 Ballistics
42:34 Imperial Age
43:23 Hussar
43:43 Elite Battle Elephant
GANZHENDA
10:33 Feudal Age
9:38 Loom
11:41 Double-Bit Axe
15:43 Castle Age
17:10 Bow Saw
23:11 Gold Mining
26:47 Fletching
27:00 Husbandry
27:11 Bloodlines
27:54 Scale Mail Armor
28:05 Forging
30:29 Gold Shaft Mining
宫水三叶
6:55 Loom
10:04 Feudal Age
20:26 Castle Age
18:33 Double-Bit Axe
18:32 Horse Collar
19:54 Scale Barding Armor
19:59 Forging
20:40 Bow Saw
21:07 Heavy Plow
21:52 Husbandry
22:33 Iron Casting
23:17 Wheelbarrow
23:11 Gold Mining
26:20 Hand Cart
31:23 Gold Shaft Mining
34:57 Imperial Age
32:25 Stone Mining
35:11 Crop Rotation
35:45 Blast Furnace
35:40 Elite Battle Elephant
41:17 Capped Ram
42:02 Forced Levy
42:22 Conscription
43:43 Stone Shaft Mining
44:41 Squires
44:27 Arson
44:04 Man-at-Arms
46:32 Long Swordsman
48:04 Spies/Treason
50:16 Two-Handed Swordsman
StefaN1337
7:54 Loom
8:57 Loom
10:42 Feudal Age
11:54 Double-Bit Axe
11:50 Horse Collar
19:36 Castle Age
17:33 Fletching
18:46 Wheelbarrow
17:56 Town Watch
19:22 Padded Archer Armor
19:56 Gold Mining
19:59 Stone Mining
21:06 Bow Saw
21:10 Heavy Plow
21:32 Crossbowman
22:10 Bodkin Arrow
22:32 Leather Archer Armor
24:44 Ballistics
26:54 Thumb Ring
28:22 Stone Shaft Mining
32:39 Imperial Age
30:25 Hand Cart
30:44 Town Patrol
31:26 Treadmill Crane
31:43 Murder Holes
33:48 Conscription
34:33 Chemistry
33:44 Masonry
33:36 Bracer
34:06 Ring Archer Armor
34:42 Two-Man Saw
34:14 Crop Rotation
35:24 Elite Genoese Crossbowman
ckick123
0:27 Loom
10:37 Feudal Age
11:08 Double-Bit Axe
11:05 Horse Collar
22:08 Castle Age
22:32 Castle Age
24:16 Bow Saw
24:09 Heavy Plow
24:33 Squires
24:03 Pikeman
28:20 Anarchy
32:17 Scale Mail Armor
33:39 Forging
36:51 Fervor
39:43 Chain Mail Armor
43:22 Iron Casting
45:26 Imperial Age
45:04 Iron Casting
45:36 Elite Huskarl
47:25 Blast Furnace
46:47 Conscription
NELMAN
6:04 Loom
6:32 Loom
9:19 Feudal Age
13:05 Double-Bit Axe
18:52 Castle Age
20:29 Scale Barding Armor
20:35 Forging
22:56 Arson
24:52 Bloodlines
24:43 Husbandry
30:26 Town Watch
31:41 Iron Casting
31:27 Chain Barding Armor
33:01 Wheelbarrow
36:40 Scale Mail Armor
37:33 Arson
37:49 Squires
37:10 Pikeman
40:46 Hand Cart
42:31 Bow Saw
44:13 Horse Collar
45:58 Heavy Plow
46:24 Murder Holes
46:51 Ballistics
51:10 Imperial Age
48:43 Scale Mail Armor
48:35 Gambesons
48:13 Light Cavalry
49:54 Chain Mail Armor
49:54 Stone Mining
49:56 Gold Mining
Connection lost

Rejoining the realm…

Still unreachable

The connection could not be restored.

Session expired

The server has moved on; the page needs a fresh start.